 Dungeon Crawl Stone Soup version 0.28-a0-906-g0406aca7d3 (webtiles) character file.

Game seed: 13769974311930884156

74 Crownlay the Sneak (level 4, -1/28 HPs)
             Began as an Octopode Transmuter on Nov 23, 2021.
             Slain by an orc wizard (3 damage)
             ... on level 2 of the Dungeon.
             The game lasted 00:02:19 (2415 turns).

Crownlay the Sneak (Octopode Transmuter)            Turns: 2415, Time: 00:02:19

Health: -1/28      AC:  1    Str:  9    XL:     4   Next: 30%
Magic:  6/7        EV: 13    Int: 16    God:
Gold:   68         SH:  0    Dex: 12    Spells: 6/7 levels left

rFire   . . .      SeeInvis .   e - +0 dagger
rCold   . . .      Faith    .   (no shield)
rNeg    . . .      Spirit   .   (helmet currently unavailable)
rPois   .          Reflect  .   (no amulet)
rElec   .          Harm     .   (no ring)
rCorr   .          Rampage  .   (no ring)
Will    .....                   (no ring)
Stlth   ++++......              (no ring)
HPRegen 0.09/turn               (no ring)
MPRegen 0.10/turn               (no ring)
                                (no ring)
                                (no ring)

@: appendages
A: tentacle spike 3, almost no armour, amphibious, 8 rings, camouflage 1,
gelatinous body 1, (nimble swimmer 1), tentacles
a: End Transformation


You were on level 2 of the Dungeon.
One of your tentacles had grown a beastly spike.
You visited 1 branch of the dungeon, and saw 3 of its levels.

You collected 68 gold pieces.

Inventory:

Hand Weapons
 e - a +0 dagger (weapon)
Scrolls
 a - a scroll of noise {unknown}
 b - a scroll of teleportation {unknown}
 g - a scroll of identify {unknown}
 i - a scroll of enchant weapon {unknown}
 j - a scroll of magic mapping {unknown}
 k - a scroll of fog {unknown}
Potions
 c - a potion of cancellation {unknown}
 d - a potion of lignification {unknown}
 f - a potion of curing {unknown}
 h - a potion of might {unknown}


   Skills:
 - Level 1.0 Fighting
 - Level 2.0 Dodging
 * Level 5.5 Stealth
 - Level 3.0 Unarmed Combat
 - Level 2.0 Spellcasting
 - Level 2.0 Transmutations


You had 6 spell levels left.
You knew the following spells:

 Your Spells              Type           Power      Damage    Failure   Level
a - Beastly Appendage     Tmut           16%        N/A       9%          1

Your spell library contained the following spells:

 Spells                   Type           Power      Damage    Failure   Level
 Wereblood                Tmut           8%         N/A       14%         2
 Animate Skeleton         Necr           2%         N/A       21%         1
 Apportation              Tloc           2%         N/A       21%         1
 Slow                     Hex            4%         N/A       21%         1
 Summon Small Mammal      Summ           4%         N/A       21%         1
 Spider Form              Tmut/Pois      4%         N/A       38%         3
 Confusing Touch          Hex            1%         N/A       52%         3
 Ice Form                 Ice/Tmut       4%         N/A       80%         4
 Yara's Violent Unravell  Hex/Tmut       2%         3d3       98%         5


Dungeon Overview and Level Annotations

Branches:
Dungeon (3/15)

Altars:
Ru

Shops:
D:3 (


Innate Abilities, Weirdness & Mutations

One of your tentacles has grown a beastly spike.
You cannot wear most types of armour.
You are amphibious.
You can wear up to eight rings at the same time.
Your skin changes colour to match your surroundings (Stealth+).
Your rubbery body absorbs attacks. (AC +1, EV +1)
((You are camouflaged near water. (Stealth+)))
You have tentacles for arms and can constrict up to eight enemies at once.


Message History

You hit the orc. You grab the orc.
You pierce the orc.
You kill the orc!
You see here a +3 flail.
Magic restored.
Your transformation is almost over.
Your tentacle spike disappears.
HP restored.
Done exploring.
There is a stone staircase leading down, spattered with blood here.
You climb downwards.
The adder misses you. The adder closely misses you.
There is a stone staircase leading up here.
The adder bites you.
You are poisoned.
The adder poisons you! The orc wizard closely misses you. The adder bites you.
You climb upwards.
You feel sick.
There is a stone staircase leading down, spattered with blood here.
Casting: Beastly Appendage (safe; 9% risk of failure)
Confirm with . or Enter, or press ? or * to list all spells.
One of your tentacles grows a vicious spike.
You feel sick.
The orc wizard hits you with a +0 dagger.
The adder closely misses you.
You miss the orc wizard. Your grab misses the orc wizard.
You feel sick. The adder completely misses you.
The orc wizard casts a spell.
The orc wizard flickers and vanishes!
Deactivating autopickup; reactivate with Ctrl-A.
You barely miss something.
You pierce something.
You feel sick. The adder closely misses you. Something hits you.
The adder bites you.
You closely miss something.
You pierce something.
You feel sick.
You are no longer poisoned.
Something hits you.
* * * LOW HITPOINT WARNING * * *
The adder bites you.
* * * LOW HITPOINT WARNING * * *
You hit the adder. Your grab misses the adder.
Your tentacle-slap misses the adder.
Your squeeze misses the adder.
The adder is lightly wounded.
Something hits you.
You die...

######### #..@S...#
#.{.)...# ######
#...(...# ######....#
#.......# ....).....##
##.##.###
######.....####.##..##
#######..##..###..#
####......#.##.## ##.#
.....#...##.##.# #.#


You could see an adder.

Vanquished Creatures
  Jessica (D:2)
  2 adders (D:2)
  A worm (D:2)
  A dart slug (D:1)
  An orc (D:2)
  2 ball pythons (D:1)
  2 endoplasms
  6 goblins
  3 hobgoblins
  A quokka (D:2)
  A bat (D:2)
  2 frilled lizards
  A kobold (D:1)
  2 rats
26 creatures vanquished.

Notes
Turn   | Place    | Note
-------+----------+-------------------------------------------
     0 | D:1      | Crownlay the Octopode Transmuter began the quest for the
                  | Orb.
     0 | D:1      | Reached XP level 1. HP: 13/13 MP: 3/3
   160 | D:1      | Reached skill level 1 in Stealth
   625 | D:1      | Reached skill level 2 in Stealth
   627 | D:1      | Reached XP level 2. HP: 11/18 MP: 3/5
  1006 | D:1      | Reached skill level 3 in Stealth
  1340 | D:1      | Found a faded altar of an unknown god.
  1478 | D:1      | Found a sacrificial altar of Ru.
  1591 | D:2      | Noticed Jessica
  1594 | D:2      | Killed Jessica
  1595 | D:2      | Reached skill level 4 in Stealth
  1595 | D:2      | Reached XP level 3. HP: 23/23 MP: 6/6
  1702 | D:2      | Reached skill level 5 in Stealth
  1874 | D:2      | Reached XP level 4. HP: 28/28 MP: 7/7
  2263 | D:3      | Found Quecif's Antique Weapon Shop.
  2414 | D:2      | HP: 1/28 [adder (3)]
  2415 | D:2      | Slain by an orc wizard

Illustrated notes

Levels and vault maps discovered:
D:1:      dpeg_arrival_water_altar, layout_loops_corners,
          ebering_ecumenical_altar_abandoned, kennysheep_small_spiral
D:2:      layout_rooms, uniq_jessica
D:3:      layout_basic, nemelex_xobeh_ov_fountains_minmay, serial_shops, shop

Skill      XL: |  1  2  3 |
---------------+----------+-----
Stealth        | 2 4 5 |  5.5
Fighting       | |  1.0
Dodging        | |  2.0
Unarmed Combat | |  3.0
Spellcasting   | |  2.0
Transmutations | |  2.0

Action                   |  1- 3 |  4- 6 || total
-------------------------+-------+-------++-------
Melee: Unarmed           |     8 |       ||     8
       Club              |    10 |       ||    10
       Constrict         |    12 |     4 ||    16
       Tentacles         |     9 |     3 ||    12
       Kick              |     2 |     3 ||     5
       Dagger            |    25 |    14 ||    39
 Cast: Beastly Appendage |     4 |     2 ||     6
 Stab: Sleeping          |     6 |     1 ||     7
Armor: Skin              |     3 |     1 ||     4
Dodge: Dodged            |    14 |     8 ||    22

Table legend: (Time is in decaauts)
 A = Elapsed time spent in this place.
 B = Non-inter-level travel time spent in this place.
 C = Inter-level travel time spent in this place.
 D = Time resting spent in this place.
 E = Time spent auto-exploring this place.
 F = Levels seen in this place.
 G = Mean time per level.
                   A        B        C        D        E       F      G
               +--------+--------+--------+--------+--------+-----+--------+
         Total |   2417 |   2364 |     53 |      0 |   2132 |   3 |  805.7 |
       Dungeon |   2417 |   2364 |     53 |      0 |   2132 |   3 |  805.7 |
               +--------+--------+--------+--------+--------+-----+--------+

Top non-repeatable levels by time:
     D:1: 1552 daAuts
     D:2: 758 daAuts
     D:3: 106 daAuts
